 Dungeon Crawl Stone Soup version 0.31-a0-1098-g6898e6545c (webtiles) character file.

Game seed: 3691692415638889148

415 kae the Vexing (level 6, 0/44 HPs)
             Began as a Demonspawn Enchanter on Nov 30, 2023.
             Slain by an orc
             ... wielding a +0 trident
              (5 damage)
             ... on level 4 of the Dungeon.
             The game lasted 00:05:16 (3745 turns).

kae the Vexing (Demonspawn Enchanter)               Turns: 3745, Time: 00:05:17

Health: 0/44       AC:  3    Str:  8    XL:     6   Next: 60%
Magic:  1/9        EV: 12    Int: 15    God:
Gold:   823        SH:  0    Dex: 16    Spells: 2/10 levels left

rFire   . . .        a - +4 dagger (freeze)
rCold   . . .        (no shield)
rNeg    . . .        b - +0 robe
rPois   +            l - +0 helmet
rElec   .            (no cloak)
rCorr   .            (no gloves)
SInv    .            (no boots)
Will    .....        (no amulet)
Stlth   +++          P - ring of poison resistance
HPRegen 0.27/turn    (no ring)
MPRegen 0.11/turn

%: no passive effects
@: very slightly contaminated
A: sturdy frame 1, weakness stinger 2
a: no special abilities


You were on level 4 of the Dungeon.
You visited 1 branch of the dungeon, and saw 4 of its levels.

You collected 823 gold pieces.


Innate Abilities, Weirdness & Mutations

Your movements are slightly less encumbered by armour. (ER -2)
You have a tail ending in a sharp stinger.


   Skills:
 + Level 1.7 Fighting
 * Level 2.8 Short Blades
 * Level 1.6 Armour
 - Level 1.7 Dodging
 * Level 3.9 Stealth
 + Level 2.6 Spellcasting
 * Level 4.0 Hexes
 * Level 2.2 Ice Magic


You had 2 spell levels left.
You knew the following spells:

 Your Spells              Type           Power      Damage    Failure   Level
a - Ensorcelled Hibernat  Hex/Ice        22%        N/A       9%          2
b - Confusing Touch       Hex            14%        N/A       12%         3
c - Tukima's Dance        Hex            14%        N/A       12%         3

Your spell library contained the following spells:

 Spells                   Type           Power      Damage    Failure   Level
 Dazzling Flash           Conj/Hex       16%        N/A       26%         3
 Cause Fear               Hex            7%         N/A       36%         4
 Fireball                 Conj/Fire      0%         3d3       99%         5
 Dragon's Call            Summ           0%         N/A       100%        9

Inventory:

Hand Weapons
 a - a +4 dagger of freezing (weapon)
Missiles
 f - 42 stones
Armour
 b - a +0 robe (worn)
 k - a +0 scale mail
   (You found it on level 3 of the Dungeon)
 l - a +0 helmet (worn)
   (You found it on level 2 of the Dungeon)
Jewellery
 P - a ring of poison resistance (left hand)
   (You found it on level 3 of the Dungeon)
Wands
 d - a wand of charming (6)
   (You took it off Ijyb on level 3 of the Dungeon)
Scrolls
 g - a scroll of noise {unknown}
 h - a scroll of blinking {unknown}
 n - a scroll of identify {@r1}
 o - a scroll of enchant armour {unknown}
Potions
 c - a potion of invisibility
 e - 2 potions of mutation {unknown}
 i - a potion of heal wounds {unknown}
 j - 2 potions of curing {@q1}
 m - a potion of haste {unknown}

Dungeon Overview and Level Annotations

Branches:
Dungeon (4/15) Zot: 20261
 Temple: D:4-7

Altars:
Cheibriados

Shops:
D:1 ( D:2

= PPP~~....# ###...#..
~ā™£~~~~....#
########.#..
~~P.......###...........
PP.P..........########..
P.........###...........
#.............##########
#........###### .
.......)..# #
.......@o.# ...P~.o...#
~~~~P~....#
~Pā™£~~.....#
~~PP~....## ........##
#########


You could see 2 orcs.


Message History

You closely miss the orc.
The orc hits you from afar with a +0 trident!
The orc hits you with a +0 mace. šŸ˜® HP[-12]
You take 12 damage, and now have 27/44 hp.
MASSIVE DAMAGE!! (PAUSE)
You closely miss the orc.
The orc hits you from afar with a +0 trident.
The orc hits you with a +0 mace. šŸ˜® HP[-2]
You take 2 damage, and now have 25/44 hp.
You hit the orc. You freeze the orc. The orc barely misses you.
The orc hits you with a +0 mace.
* * * LOW HITPOINT WARNING * * *
šŸ˜Ø HP[-3]
You take 3 damage, and now have 22/44 hp.
You hit the orc. You freeze the orc.
The orc hits you from afar with a +0 trident.
* * * LOW HITPOINT WARNING * * *
šŸ˜Ø HP[-1]
You take 1 damage, and now have 21/44 hp.
You are too injured to fight recklessly!
You are too injured to fight recklessly!
The orc barely misses you. The orc hits you with a +0 short sword.
* * * LOW HITPOINT WARNING * * *
The orc closely misses you.
You see here a +0 mace. šŸ˜Ø HP[-1]
You take 1 damage, and now have 20/44 hp.
You hit the orc but do no damage. The orc barely misses you.
The orc hits you with a +0 short sword.
* * * LOW HITPOINT WARNING * * *
šŸ˜Ø HP[-1]
You take 1 damage, and now have 19/44 hp.
You hit the orc but do no damage.
You tail-slap the orc, but do no damage.
The orc closely misses you. x2; The orc hits you with a +0 short sword.
* * * LOW HITPOINT WARNING * * *
šŸ˜Ø HP[-2]
You take 2 damage, and now have 17/44 hp.
You hit the orc. You freeze the orc.
You kill the orc!
The orc closely misses you. x2
Casting: Ensorcelled Hibernation (safe; 9% risk of failure)
Confirm with . or Enter, or press ? or * to list all spells.
Aiming: Ensorcelled Hibernation (safe; 9% risk of failure)
Press: ? - help, Shift-Dir - straight line, f - orc
Aim: an orc, wielding a +0 short sword and wearing a +0 leather armour (chance to affect: 62%)
You miscast Ensorcelled Hibernation.
You are very lightly contaminated with residual magic.
Nothing appears to happen.
The orc barely misses you. The orc hits you with a +0 short sword.
* * * LOW HITPOINT WARNING * * *
šŸ˜Ø MP[-2]
You lost 2 mp, and now have 7/9 mp.
Casting: Ensorcelled Hibernation (safe; 9% risk of failure)
Confirm with . or Enter, or press ? or * to list all spells.
Aiming: Ensorcelled Hibernation (safe; 9% risk of failure)
Press: ? - help, Shift-Dir - straight line, f - orc, p - orc
Aim: an orc, wielding a +0 trident and wearing a +0 chain mail (chance to affect: 62%)
The orc resists with significant effort.
The orc hits you with a +0 trident.
* * * LOW HITPOINT WARNING * * *
The orc barely misses you. šŸ˜Ø HP[-5] MP[-2]
You take 5 damage, and now have 12/44 hp.
You lost 2 mp, and now have 5/9 mp.
Unknown command.
Casting: Ensorcelled Hibernation (safe; 9% risk of failure)
Confirm with . or Enter, or press ? or * to list all spells.
Aiming: Ensorcelled Hibernation (safe; 9% risk of failure)
Press: ? - help, Shift-Dir - straight line, f/p - orc
Aim: an orc, wielding a +0 trident and wearing a +0 chain mail (chance to affect: 62%)
The orc resists with significant effort.
The orc hits you with a +0 trident.
* * * LOW HITPOINT WARNING * * *
The orc barely misses you. šŸ˜± HP[-1] MP[-2]
You take 1 damage, and now have 11/44 hp.
You lost 2 mp, and now have 3/9 mp.
Casting: Ensorcelled Hibernation (safe; 9% risk of failure)
Confirm with . or Enter, or press ? or * to list all spells.
Aiming: Ensorcelled Hibernation (safe; 9% risk of failure)
Press: ? - help, Shift-Dir - straight line, f - orc, p - orc
Aim: an orc, wielding a +0 short sword and wearing a +0 leather armour (chance to affect: 62%)
You miscast Ensorcelled Hibernation.
Nothing appears to happen.
The orc misses you. The orc hits you with a +0 short sword.
* * * LOW HITPOINT WARNING * * *
šŸ˜± HP[-3] MP[-2]
You take 3 damage, and now have 8/44 hp.
You lost 2 mp, and now have 1/9 mp.
You hit the orc. You freeze the orc. The orc hits you with a +0 trident.
* * * LOW HITPOINT WARNING * * *
The orc hits you but does no damage. šŸ˜± HP[-3]
You take 3 damage, and now have 5/44 hp.
Unknown command.
You hit the orc but do no damage. The orc hits you with a +0 trident.
You die...

Skill      XL: |  1  2  3  4  5  6 |
---------------+-------------------+-----
Short Blades   | 1 2 |  2.8
Stealth        | 3 |  3.9
Ice Magic      | 1 2 |  2.2
Fighting       | 1 |  1.7
Armour         | 1 |  1.6
Hexes          | 4 |  4.0
Dodging        | |  1.7
Spellcasting   | |  2.6

Action                     |  1- 3 |  4- 6 || total
---------------------------+-------+-------++-------
  Melee: Dagger            |    91 |   156 ||   247
         Tailslap          |    11 |    21 ||    32
         Punch             |       |     2 ||     2
   Cast: Ensorcelled Hiber |    15 |    20 ||    35
         Confusing Touch   |       |     1 ||     1
    Use: Scroll            |     4 |     5 ||     9
         Potion            |       |     2 ||     2
   Stab: Sleeping          |    17 |    14 ||    31
         Invisible         |       |     2 ||     2
 Armour: Robe              |    40 |   103 ||   143
  Dodge: Dodged            |    58 |    91 ||   149

Levels and vault maps discovered:
D:1:      minmay_arrival_three_doors, layout_basic, serial_shops,
          nicolae_shop_behind_doors
D:2:      layout_basic, basic_altar, serial_shops, shop
D:3:      layout_loops_ring, shapermc_ecumenical_altar_venn, st_stairs_5,
          kennysheep_generic_room_12, uniq_ijyb
D:4:      layout_rooms, mainiacjoe_overflow_surrounded_room,
          makhleb_altar_promises_db, serial_bayou, serial_bayou_lagoon_b,
          serial_bayou_lagoon_a, serial_bayou_shore_b, serial_bayou_shore_b

Notes
Turn   | Place    | Note
-------+----------+-------------------------------------------
     0 | D:1      | kae the Demonspawn Enchanter began the quest for the Orb.
     0 | D:1      | Reached XP level 1. HP: 13/13 MP: 3/3
     0 | D:1      | magus.rc [v1.11.3]
    76 | D:1      | Reached skill level 1 in Short Blades
    85 | D:1      | HP: 1/13 [frozen (4)]
   163 | D:1      | Gained mutation: You have a small tail. [demonic ancestry]
   163 | D:1      | Reached XP level 2. HP: 19/19 MP: 5/5
   206 | D:1      | Learned a level 2 spell: Ensorcelled Hibernation
   229 | D:1      | Found Jejoul's Antique Weapon Shop.
   462 | D:1      | Reached skill level 3 in Stealth
  1110 | D:2      | Reached XP level 3. HP: 25/25 MP: 6/6
  1402 | D:2      | Found Jale's Jewellery Shop.
  1640 | D:2      | Found a snail-covered altar of Cheibriados.
  1921 | D:2      | Learned a level 3 spell: Confusing Touch
  2123 | D:3      | Reached skill level 1 in Ice Magic
  2125 | D:3      | Reached skill level 1 in Fighting
  2125 | D:3      | Gained mutation: Your movements are slightly less
                  | encumbered by armour. (ER -2) [demonic ancestry]
  2125 | D:3      | Reached XP level 4. HP: 29/32 MP: 0/7
  2456 | D:3      | Reached skill level 2 in Short Blades
  2461 | D:3      | HP: 5/32 [orc priest/divine providence (13)]
  2474 | D:3      | HP: 4/32 [orc wizard/+0 dagger (1)]
  2477 | D:3      | Gained mutation: You have a tail ending in a sharp stinger.
                  | [demonic ancestry]
  2477 | D:3      | Reached XP level 5. HP: 6/37 MP: 4/8
  2645 | D:3      | Noticed Ijyb
  2672 | D:3      | Learned a level 3 spell: Tukima's Dance
  2673 | D:3      | Identified a scroll of acquirement
  2673 | D:3      | Acquired 687 gold pieces
  2768 | D:3      | Killed Ijyb
  3034 | D:3      | Reached skill level 1 in Armour
  3034 | D:3      | Found a faded altar of an unknown god.
  3158 | D:4      | Noticed an ice beast
  3177 | D:4      | Killed an ice beast
  3178 | D:4      | Reached skill level 2 in Ice Magic
  3178 | D:4      | Reached XP level 6. HP: 17/43 MP: 6/9
  3283 | D:4      | You pick up a book of the Dragon and begin reading...
  3283 | D:4      | You add the spells Cause Fear, Fireball and Dragon's Call
                  | to your library.
  3552 | D:4      | Reached skill level 4 in Hexes
  3742 | D:4      | HP: 11/44 [orc/+0 trident (1)]
  3744 | D:4      | HP: 5/44 [orc/+0 trident (4)]
  3745 | D:4      | Slain by an orc

Vanquished Creatures
  An ice beast (D:4)
  A scorpion (D:4)
  A hound (D:4)
  An orc priest (D:3)
  Ijyb (D:3)
  An orc wizard (D:3)
  7 adders
  A dart slug (D:2)
  6 orcs
  9 ball pythons
  10 endoplasms
  4 giant cockroaches
  5 goblins
  7 hobgoblins
  5 jackals
  6 kobolds
  3 quokkas
  4 bats
  4 frilled lizards
  3 rats
80 creatures vanquished.

Vanquished Creatures (others)
  An orc wizard (D:3)
1 creature vanquished.

Grand Total: 81 creatures vanquished

Table legend:
 A = Non-vault XP
 B = Vault XP
 C = Vault XP percentage of total XP
 D = Non-vault monster count
 E = Vault monster count
 F = Vault count percentage of total count
                 A         B        C        D         E       F
            +---------+---------+-------+---------+---------+-------
      Total |     551 |      42 |   7.1 |      77 |       4 |   4.9
            +---------+---------+-------+---------+---------+-------
        D:1 |      39 |       0 |   0.0 |      24 |       0 |   0.0
        D:2 |      27 |       0 |   0.0 |       8 |       0 |   0.0
        D:3 |     188 |      42 |  18.3 |      26 |       4 |  13.3
        D:4 |     297 |       0 |   0.0 |      19 |       0 |   0.0
            +---------+---------+-------+---------+---------+-------

Skill      XL: |  1  2  3  4  5  6 |
---------------+-------------------+-----
Short Blades   | 1 2 |  2.8
Stealth        | 3 |  3.9
Ice Magic      | 1 2 |  2.2
Fighting       | 1 |  1.7
Armour         | 1 |  1.6
Hexes          | 4 |  4.0
Dodging        | |  1.7
Spellcasting   | |  2.6

Action                     |  1- 3 |  4- 6 || total
---------------------------+-------+-------++-------
  Melee: Dagger            |    91 |   156 ||   247
         Tailslap          |    11 |    21 ||    32
         Punch             |       |     2 ||     2
   Cast: Ensorcelled Hiber |    15 |    20 ||    35
         Confusing Touch   |       |     1 ||     1
    Use: Scroll            |     4 |     5 ||     9
         Potion            |       |     2 ||     2
   Stab: Sleeping          |    17 |    14 ||    31
         Invisible         |       |     2 ||     2
 Armour: Robe              |    40 |   103 ||   143
  Dodge: Dodged            |    58 |    91 ||   149

Illustrated notes

Table legend:
 A = Kills in this place as a percentage of kills in the entire game.
 B = Kills by you in this place as a percentage of kills by you in the entire game.
 C = Kills by friends in this place as a percentage of kills by friends in the entire game.
 D = Other kills in this place as a percentage of other kills in the entire game.
 E = Experience gained in this place as a percentage of experience gained in the entire game.
 F = Experience gained in this place divided by the number of levels of this place that you have seen.
                   A       B       C       D       E      F
               +-------+-------+-------+-------+-------+----------------------
         Total | 100.0 | 100.0 |   N/A | 100.0 | 100.0 | 148.2
       Dungeon | 100.0 | 100.0 |   N/A | 100.0 | 100.0 | 148.2
               +-------+-------+-------+-------+-------+----------------------

Table legend: (Time is in decaauts)
 A = Elapsed time spent in this place.
 B = Non-inter-level travel time spent in this place.
 C = Inter-level travel time spent in this place.
 D = Time resting spent in this place.
 E = Time spent auto-exploring this place.
 F = Levels seen in this place.
 G = Mean time per level.
                   A        B        C        D        E       F      G
               +--------+--------+--------+--------+--------+-----+--------+
         Total |   3738 |   3661 |     77 |     23 |   2969 |   4 |  934.5 |
       Dungeon |   3738 |   3661 |     77 |     23 |   2969 |   4 |  934.5 |
               +--------+--------+--------+--------+--------+-----+--------+

Top non-repeatable levels by time:
     D:3: 1196 daAuts
     D:1: 1021 daAuts
     D:2: 922 daAuts
     D:4: 598 daAuts
